 Dungeon Crawl Stone Soup version 0.18-a0-1611-g00361b8 (webtiles) character file.

522 Engwar the Martial Artist (level 7, 0/37 HPs)
             Began as a Vine Stalker Monk on Mar 22, 2016.
             Was a Priest of Cheibriados.
             Slain by a killer bee (2 damage)
             ... on level 4 of the Dungeon.
             The game lasted 00:10:34 (3070 turns).

Engwar the Martial Artist (Vine Stalker Monk)       Turns: 3070, Time: 00:10:34

Health: 0/37       AC:  5    Str: 21    XL:     7   Next: 22%
Magic:  0/8        EV: 13    Int: 20    God:    Cheibriados [***...]
Gold:   256        SH:  0    Dex: 25    Spells: 0 memorised, 6 levels left

rFire  . . .     SeeInvis .       - Unarmed
rCold  + . .     Gourm    .     o - +0 ring mail
rNeg   . . .     Faith    .     (no shield)
rPois  .         Spirit   +     (no helmet)
rElec  .         Dismiss  .     (no cloak)
rCorr  .         Reflect  .     (no gloves)
SustAt .         Harm     .     (no boots)
MR     .....                    (no amulet)
Stlth  ++........               (no ring)
                                j - ring of protection from cold

@: lethally poisoned (0 -> -14), flying, very slow, not resistant to hostile
enchantments, unstealthy
A: fangs 2, regeneration 2, magic shield, antimagic bite, no device heal 3, rot
immunity
a: Bend Time, Temporal Distortion, Renounce Religion


You were on level 4 of the Dungeon.
You worshipped Cheibriados.
Cheibriados was most pleased with you.
You were not hungry.

You visited 1 branch of the dungeon, and saw 4 of its levels.

You collected 256 gold pieces.

Inventory:

Hand Weapons
 b - a +1 hunting sling
Missiles
 g - 18 sling bullets
 t - 9 sling bullets of frost
Armour
 o - a +0 ring mail (worn)
Jewellery
 j - a ring of protection from cold (left hand)
Wands
 d - a wand of slowing (24/48)
 m - a wand of iceblast (3/15)
Scrolls
 a - 3 scrolls of amnesia
 c - 2 scrolls of enchant weapon
 v - a scroll of fog
Potions
 e - 3 potions of heal wounds
 n - a potion of ambrosia
Comestibles
 f - 2 meat rations
 h - 2 beef jerkies
 i - 2 slices of pizza
 k - 2 bread rations


   Skills:
 * Level 3.6 Fighting
 - Level 2.4 Dodging
 - Level 2.4 Stealth
 - Level 8.0 Unarmed Combat


You had 6 spell levels left.
You didn't know any spells.

Dungeon Overview and Level Annotations

Branches:
Dungeon (4/15)
 Temple: D:4-7

Altars:
Cheibriados
Dithmenos
Pakellas
Xom

Annotations:
D:3 exclusion: ice beast


Innate Abilities, Weirdness & Mutations

You have extremely sharp teeth.
You heal very quickly.
When hurt, damage is shared between your health and your magic reserves.
Your bite disrupts and absorbs the magic of your enemies.
Potions and wands cannot restore your health.
You are immune to rotting.


Message History

You barely miss the killer bee.
You bite the killer bee, but do no damage.
* * * LOW HITPOINT WARNING * * *
You feel sick. The killer bee barely misses you.
The killer bee stings you but does no damage.
The killer bee completely misses you.
You closely miss the killer bee. You bite the killer bee. You drain its power.
The killer bee is lightly wounded.
* * * LOW HITPOINT WARNING * * *
You feel sick. The killer bee stings you.
* * * LOW HITPOINT WARNING * * *
You are more poisoned.
The killer bee poisons you! The killer bee barely misses you. x2
Unknown command.
Unknown command.
You miss the killer bee. Your bite misses the killer bee.
The killer bee is lightly wounded.
* * * LOW HITPOINT WARNING * * *
You feel sick. The killer bee closely misses you. The killer bee stings you. x2
You die...

.# #####.###.##.#.#
?..#. . . #.#
#.##.#.##...#. #.#
#.##..<....... #.#
#...........#.
#.###..##.รท.#..##
#.#...........#..#
##.###.#...#...# .#
#####.#.# #....y.#..# #
........# #....#@#..#
......#.###..#.#y#..#.
................y..y...y
....#.#.###.#...........
....#.#.......###($....#
....#.#.###.#........#..
..........#.#.###....# .
#####.#.#.#.#.# .(...
.####.#.#.#.#.# ...#..


You could see 3 killer bees.

Vanquished Creatures
  A centaur (D:4)
  An ogre (D:4)
  A killer bee (D:4)
  A hound (D:4)
  An orc priest (D:4)
  Ijyb (D:3)
  3 worker ants (D:4)
  A hound skeleton (D:4)
  Robin (D:2)
  A howler monkey skeleton (D:4)
  3 adders
  3 oozes
  A worm (D:2)
  4 giant geckos
  5 orcs
  6 giant cockroaches
  15 goblins
  6 hobgoblins
  7 jackals (D:3)
  7 kobolds
  3 quokkas
  A ball python (D:1)
  7 bats
  3 giant newts
  3 rats
86 creatures vanquished.

Vanquished Creatures (others)
  A wyvern (D:4)
1 creature vanquished.

Grand Total: 87 creatures vanquished

Notes
Turn   | Place    | Note
--------------------------------------------------------------
     0 | D:1      | Engwar the Vine Stalker Monk began the quest for the Orb.
     0 | D:1      | Reached XP level 1. HP: 11/11 MP: 2/2
   160 | D:1      | Reached XP level 2. HP: 8/16 MP: 1/3
   376 | D:1      | Reached XP level 3. HP: 19/19 MP: 4/4
   542 | D:1      | Reached skill level 5 in Unarmed Combat
   847 | D:2      | Found a shimmering altar of Xom.
  1033 | D:2      | Noticed Robin
  1071 | D:2      | Killed Robin
  1071 | D:2      | Reached XP level 4. HP: 19/23 MP: 5/5
  1090 | D:2      | Found a snail-covered altar of Cheibriados.
  1095 | D:2      | Became a worshipper of Cheibriados the Contemplative
  1095 | D:2      | Reached * piety under Cheibriados
  1095 | D:2      | Reached ** piety under Cheibriados
  1695 | D:3      | Noticed Ijyb
  1706 | D:3      | HP: 1/23 [Ijyb/enchanted club (2)]
  1852 | D:3      | Reached skill level 6 in Unarmed Combat
  1906 | D:3      | Reached *** piety under Cheibriados
  1940 | D:3      | Found a shadowy altar of Dithmenos.
  2107 | D:3      | Noticed an ice beast
  2143 | D:3      | Killed Ijyb
  2143 | D:3      | Reached XP level 5. HP: 14/27 MP: 3/6
  2700 | D:4      | Found an oddly glowing altar of Pakellas.
  2700 | D:4      | Noticed an orange crystal statue
  2701 | D:4      | Noticed a wyvern
  2706 | D:4      | Killed a wyvern
  2720 | D:4      | Noticed a centaur
  2735 | D:4      | Killed a centaur
  2735 | D:4      | Reached skill level 7 in Unarmed Combat
  2735 | D:4      | Gained mutation: You heal very quickly. [Vine Stalker growth]
  2735 | D:4      | Reached XP level 6. HP: 9/32 MP: 7/7
  2838 | D:4      | Reached skill level 8 in Unarmed Combat
  2910 | D:4      | Reached XP level 7. HP: 25/36 MP: 5/8
  3070 | D:4      | Slain by a killer bee

Vault maps used:
D:1:      eino_arrival_water_cross, minmay_misc_feat_roman
D:2:      lemuel_crystal_altar, xom_teletrap_fun, uniq_robin
D:3:      grunt_dithmenos_smoke_and_mirrors, first_bread, uniq_iyjb
D:4:      gammafunk_pakellas_statue_experiment

Skill      XL: |  1  2  3  4  5  6 |
---------------+-------------------+-----
Unarmed Combat | 5 6 7 8 |  8.0
Fighting       | 3 |  3.6
Dodging        | |  2.4
Stealth        | |  2.4

Action                   |  1- 3 |  4- 6 |  7- 9 || total
-------------------------+-------+-------+-------++-------
Melee: Unarmed           |    85 |   133 |    16 ||   234
 Fire: Hunting sling     |       |       |     3 ||     3
  Use: Potion            |     1 |       |     5 ||     6
       Scroll            |       |     8 |     1 ||     9
 Stab: Sleeping          |     7 |     8 |       ||    15
       Distracted        |       |     1 |       ||     1
  Eat: Chunk             |       |     4 |       ||     4

Vault maps used:
D:1:      eino_arrival_water_cross, minmay_misc_feat_roman
D:2:      lemuel_crystal_altar, xom_teletrap_fun, uniq_robin
D:3:      grunt_dithmenos_smoke_and_mirrors, first_bread, uniq_iyjb
D:4:      gammafunk_pakellas_statue_experiment
